 Dungeon Crawl Stone Soup version 0.27-a0-1513-g2aaa0cc67b (webtiles) character file.

Game seed: 585284143880786373

125 bande the Covered (level 5, -2/32 HPs)
             Began as a Gargoyle Fighter on July 10, 2021.
             Slain by Terence (7 damage)
             ... on level 3 of the Dungeon.
             The game lasted 00:03:14 (2293 turns).

bande the Covered (Gargoyle Fighter)                Turns: 2293, Time: 00:03:14

Health: -2/32      AC: 13    Str: 19    XL:     5   Next: 9%
Magic:  5/5        EV:  5    Int:  9    God:
Gold:   174        SH:  9    Dex: 10    Spells: 4/4 levels left

rFire    . . .     SeeInvis .   a - +1 war axe
rCold    . . .     Faith    .   c - +0 kite shield
rNeg     + . .     Spirit   .   f - +0 chain mail
rPois    ∞         Reflect  .   (no helmet)
rElec    +         Harm     .   (no cloak)
rCorr    .         Rampage  .   (no gloves)
Will     .....                  (no boots)
Stlth    ..........             (no amulet)
HPRegen  0.10/turn              (no ring)
MPRegen  0.09/turn              (no ring)

@: mighty
A: sickness immunity, AC +4, negative energy resistance 1, electricity
resistance, torment resistance 1, petrification resistance
a: no special abilities


You were on level 3 of the Dungeon.
You visited 1 branch of the dungeon, and saw 3 of its levels.

You collected 174 gold pieces.

Inventory:

Hand Weapons
 a - a +1 war axe (weapon)
Missiles
 g - 2 throwing nets (quivered)
Armour
 c - a +0 kite shield (worn)
 f - a +0 chain mail (worn)
Wands
 e - a wand of iceblast (7)
Scrolls
 b - a scroll of identify
 h - a scroll of enchant weapon
 i - a scroll of teleportation
Potions
 d - 2 potions of might


   Skills:
 + Level 3.4 Fighting
 + Level 3.4 Axes
 + Level 4.0 Armour
 - Level 0.9 Stealth
 + Level 4.0 Shields
 * Level 0.1 Evocations


You had 4 spell levels left.
You didn't know any spells.
Your spell library contained the following spells:

 Spells                   Type           Power      Damage    Failure   Level
 Summon Small Mammal      Summ           0%         N/A       100%        1
 Call Canine Familiar     Summ           0%         N/A       100%        3
 Summon Guardian Golem    Hex/Summ       0%         N/A       100%        3


Dungeon Overview and Level Annotations

Branches:
Dungeon (3/15)

Altars:

Annotations:
D:3 Terence


Innate Abilities, Weirdness & Mutations

You are immune to sickness and miasma.
Your stone body is resilient. (AC +4)
You are immune to poison.
You resist negative energy. (rN+)
You are resistant to electric shocks. (rElec)
You are resistant to unholy torment.
You are immune to petrification.


Message History

No target in view!
No target in view!
No target in view!
No target in view!
No target in view!
No target in view!
You see here a frilled lizard corpse.
Found 13 sling bullets.
Found 22 bolts and 15 arrows.
No target in view!
No target in view!
No target in view!
No target in view!
No target in view!
You see here 15 arrows.
Terence the Incautious comes into view.
He is wielding a +0 flail.
Terence shouts!
Terence is nearby!
You completely miss Terence. Terence hits you with a +0 flail! x2
You are too injured to fight recklessly!
You are too injured to fight recklessly!
You are too injured to fight recklessly!
You are too injured to fight recklessly!
You are too injured to fight recklessly!
You are too injured to fight recklessly!
You are too injured to fight recklessly!
You are too injured to fight recklessly!
Unknown command.
You feel very mighty all of a sudden. Terence hits you with a +0 flail!
* * * LOW HITPOINT WARNING * * *
You barely miss Terence. Terence barely misses you.
You slash Terence!
Terence is heavily wounded.
Terence hits you but does no damage. Terence hits you with a +0 flail.
* * * LOW HITPOINT WARNING * * *
You hit Terence.
Terence is heavily wounded.
You block Terence's attack. Terence hits you with a +0 flail!
You die...

#.......# #.#
#######.# #.# #.#
#.# # #.# #.####.#
#######.###......#
...(.............#
#######.###(###.##
###.###.###.#
........@@..#
###.######### #.#
#.# #.#


You could see Terence.

Vanquished Creatures
  Ijyb (D:3)
  A howler monkey skeleton (D:2)
  3 adders
  3 worms (D:2)
  3 dart slugs
  3 orcs (D:3)
  A bat (D:2)
  An endoplasm (D:2)
  A giant cockroach (D:1)
  7 hobgoblins
  3 quokkas
  7 ball pythons
  5 frilled lizards
  3 goblins (D:3)
  2 kobolds (D:2)
  8 rats
52 creatures vanquished.

Notes
Turn   | Place    | Note
-------+----------+-------------------------------------------
     0 | D:1      | bande the Gargoyle Fighter began the quest for the Orb.
     0 | D:1      | Reached XP level 1. HP: 14/14 MP: 1/1
   268 | D:1      | Reached XP level 2. HP: 16/19 MP: 2/2
   747 | D:2      | Found a faded altar of an unknown god.
   762 | D:2      | Reached XP level 3. HP: 18/23 MP: 3/3
  1335 | D:2      | Reached XP level 4. HP: 25/28 MP: 4/4
  1783 | D:3      | Noticed Ijyb
  1820 | D:3      | Killed Ijyb
  2148 | D:3      | Reached XP level 5. HP: 28/32 MP: 5/5
  2287 | D:3      | Noticed Terence
  2293 | D:3      | Slain by Terence

Illustrated notes

Levels and vault maps discovered:
D:1:      lightli_molten_gateway, layout_basic
D:2:      layout_rooms, ebering_ecumenical_altar_abandoned, minmay_hexomino_u4
D:3:      layout_basic, grunt_temple_overflow_open, minivault_23, st_stairs_11,
          grunt_decor_fettered, guppyfry_early_orc_mine, uniq_ijyb,
          uniq_crazy_yiuf_cottage, uniq_terence

Skill      XL: |  1  2  3  4  5 |
---------------+----------------+-----
Axes           | 2 3 |  3.4
Armour         | 4 |  4.0
Shields        | 4 |  4.0
Fighting       | |  3.4
Stealth        | |  0.9
Evocations     | |  0.1

Action                   |  1- 3 |  4- 6 || total
-------------------------+-------+-------++-------
Melee: War axe           |    98 |    81 ||   179
  Use: Scroll            |     3 |       ||     3
       Potion            |       |     6 ||     6
Armor: Scale mail        |     9 |       ||     9
       Chain mail        |    47 |    42 ||    89
Dodge: Dodged            |    20 |    20 ||    40
Block: Kite shield       |    51 |    39 ||    90

Table legend: (Time is in decaauts)
 A = Elapsed time spent in this place.
 B = Non-inter-level travel time spent in this place.
 C = Inter-level travel time spent in this place.
 D = Time resting spent in this place.
 E = Time spent auto-exploring this place.
 F = Levels seen in this place.
 G = Mean time per level.
                   A        B        C        D        E       F      G
               +--------+--------+--------+--------+--------+-----+--------+
         Total |   2379 |   2379 |      0 |    336 |   1478 |   3 |  793.0 |
       Dungeon |   2379 |   2379 |      0 |    336 |   1478 |   3 |  793.0 |
               +--------+--------+--------+--------+--------+-----+--------+

Top non-repeatable levels by time:
     D:3: 870 daAuts
     D:2: 792 daAuts
     D:1: 717 daAuts
